 Dungeon Sprint DCSS version 0.20-a0-823-gdec668e (webtiles) character file.

21959 Musica the Slayer (level 12, -24/136 HPs)
             Began as a Minotaur Berserker on Mar 5, 2017.
             Was a High Priest of Trog.
             Splashed with acid (45 damage)
             ... in the Dungeon (Sprint III: "The Ten Rune Challenge").
             The game lasted 00:26:05 (2644 turns).

Musica the Slayer (Minotaur Berserker)              Turns: 2644, Time: 00:26:05

Health: -24/136    AC: 19    Str: 21    XL:     12   Next: 58%
Magic:  11/11      EV: 13    Int:  4    God:    Trog [*****.]
Gold:   5259       SH:  0    Dex: 16    Spells: 11/11 levels left

rFire    . . .     SeeInvis +   w - +8 dire flail (drain)
rCold    . . .     Gourm    .   A - +0 plate armour
rNeg     . . .     Faith    .   (shield currently unavailable)
rPois    .         Spirit   .   t - +1 hat
rElec    +         Reflect  .   l - +0 cloak
rCorr    .         Harm     .   (no gloves)
MR       .....     NoTele   +   (no boots)
Stlth    ..........             (no amulet)
Regen    0.4/turn               (no ring)
MPRegen  0.2/turn               (no ring)

@: no status effects
A: retaliatory headbutt, horns 2, see invisible, electricity resistance, sturdy
frame 1
a: Berserk, Trog's Hand, Brothers in Arms, Burn Spellbooks, Renounce Religion


You were in the Dungeon.
You worshipped Trog.
Trog was extremely pleased with you.
You were not hungry.

You visited 1 branch You collected 5259 gold pieces.

Inventory:

Hand Weapons
 a - a +4 vampiric lajatang
 w - a +8 dire flail of draining (weapon)
 x - a +3 antimagic lajatang
 y - a +2 great mace of venom
Missiles
 e - 3 exploding tomahawks (quivered)
 z - 3 throwing nets
Armour
 c - a +0 ring mail of cold resistance
 l - a +0 cloak (worn)
 t - a +1 hat (worn)
 A - a +0 plate armour (worn)
Wands
 b - a wand of polymorph (13/24)
Scrolls
 i - a scroll of blinking
 p - 3 scrolls of remove curse
 r - a scroll of torment
Potions
 d - 2 potions of curing
 f - 2 potions of haste
 g - 2 potions of magic
 j - 3 potions of flight
 m - a potion of mutation
 s - a potion of brilliance {unknown}
Books
 h - a book of Cantrips

   Spells                             Type                      Level
   a - Confusing Touch                Hexes                        1
   b - Animate Skeleton               Necromancy                   1
   c - Summon Small Mammal            Summoning                    1
   d - Apportation                    Translocation                1
   Trog disapproves of the use of such an item.
Miscellaneous
 v - a phial of floods
Comestibles
 u - 25 royal jellies


   Skills:
 + Level 21.6 Fighting
 + Level 19.8(21.3) Maces & Flails
 + Level 14.8(19.0) Staves
 + Level 15.4 Armour
 + Level 9.2 Dodging


You had 11 spell levels left.
You didn't know any spells.

Dungeon Overview and Level Annotations

Branches:
Dungeon (1/1)

Altars:
Cheibriados
Dithmenos
Elyvilon
Fedhas
Gozag
Hepliaklqana
Kikubaaqudgha
Makhleb
Nemelex Xobeh
Okawaru
Qazlal
Ru
Sif Muna
Trog
Uskayaw
Vehumet
Wu Jian
Xom
Yredelemnul
Zin
The Shining One
Beogh
Jiyva
Lugonu

Shops:
D (

Annotations:
D Royal Jelly


Innate Abilities, Weirdness & Mutations

You reflexively headbutt those who attack you in melee.
You have a pair of horns on your head.
You have supernaturally acute eyesight. (SInv)
You are resistant to electric shocks. (rElec)
Your movements are slightly less encumbered by armour. (ER -2)


Message History

You feel yourself speed up.
You start resting.
You feel less exhausted.
You start resting.
You are feeling hungry.
You eat one of the 26 royal jellies.
That royal jelly was delicious!
There is an open door to the Pits of Slime here.
You are splashed with acid!
The walls burn you!
You are splashed with acid!
The walls burn you!
You are splashed with acid!
The walls burn you!
You are splashed with acid!
The wall burns you!
The Royal Jelly comes into view.
Found a viscous altar of Jiyva.
You are splashed with acid!
The wall burns you!
You are splashed with acid!
The walls burn you!
* * * LOW HITPOINT WARNING * * *
You are splashed with acid!
The walls burn you!
* * * LOW HITPOINT WARNING * * *
You feel better.
You are splashed with acid!
The walls burn you!
You die...

▓............)..♣♣
▓#'#############'♣
▓...#≈P..........♣
▓...'≈≈...########♣♣
▓...#≈≈≈..÷......PP♣
▓...#≈≈≈≈P..PP....P♣
#'#############+####
##.###### ##@#...###
##.......#
##.........
#....###...
#...##:##..
##..#[φ|#..
...##:##..
#...J###...
##.........


You could see the Royal Jelly.

Vanquished Creatures
  Rupert (D)
  An azure jelly (D)
  A dire elephant (D)
  Erolcha (D)
  2 orc high priests (D)
  2 deep elf knights (D)
  An orc sorcerer (D)
  4 deep elf magi (D)
  2 elephants (D)
  A black mamba (D)
  2 spiny frogs (D)
  A komodo dragon (D)
  5 blink frogs (D)
  3 wandering mushrooms (D)
  2 redbacks (D)
  A shadow (D)
  A spatial vortex (D)
  3 orc warriors (D)
  A necrophage (D)
  5 two-headed ogres (D)
  A water elemental (D)
  9 killer bees (D)
  Crazy Yiuf (D)
  A jelly (D)
  A wizard (D)
  A necromancer (D)
  An orc wizard (D)
  3 humans (D)
  A kobold demonologist (D)
  An ooze (D)
  6 orcs (D)
  3 rats (D)
69 creatures vanquished.

Vanquished Creatures (collateral kills)
  An acid blob (D)
  Gastronok (D)
  3 azure jellies (D)
  A dire elephant (D)
  4 death yaks (D)
  A shining eye (D)
  A black mamba (D)
  A rime drake (D)
  A queen bee (D)
  3 blink frogs (D)
  2 floating eyes (D)
  A swamp drake (D)
  23 killer bees (D)
  3 orc wizards (D)
  2 orcs (D)
48 creatures vanquished.

Vanquished Creatures (others)
  2 draconian scorchers (D)
  2 yaktaurs (D)
  6 hellions (D)
10 creatures vanquished.

Grand Total: 127 creatures vanquished

Notes
Turn   | Place    | Note
-------+----------+-------------------------------------------
     0 | D        | Musica the Minotaur Berserker began the quest for the Orb.
     0 | D        | Reached XP level 1. HP: 19/19 MP: 0/0
    10 | D        | Reached skill level 4 in Fighting
    35 | D        | Reached ** piety under Trog
    68 | D        | Reached skill level 5 in Fighting
    68 | D        | Reached skill level 5 in Maces & Flails
    68 | D        | Reached XP level 2. HP: 24/30 MP: 1/1
    91 | D        | Killed a hellion
    96 | D        | Killed a hellion
   123 | D        | Killed a hellion
   123 | D        | Killed a hellion
   133 | D        | Killed a white draconian scorcher
   146 | D        | Killed a hellion
   180 | D        | Killed a hellion
   188 | D        | Noticed Crazy Yiuf
   194 | D        | Killed Crazy Yiuf
   194 | D        | Reached skill level 6 in Fighting
   194 | D        | Reached XP level 3. HP: 30/38 MP: 0/2
   215 | D        | Killed a white draconian scorcher
   237 | D        | Gained mutation: You are partially covered in icy blue scales. (AC +2) [potion of mutation]
   237 | D        | Gained mutation: Your system is resistant to poisons. (rPois) [potion of mutation]
   237 | D        | Gained mutation: You have a pair of large horns on your head. [potion of mutation]
   237 | D        | Gained mutation: You are robust. (+10% HP) [potion of mutation]
   238 | D        | Lost mutation: You are partially covered in icy blue scales. (AC +2) [potion of mutation]
   238 | D        | Lost mutation: You have a pair of large horns on your head. [potion of mutation]
   238 | D        | Lost mutation: Your system is resistant to poisons. (rPois) [potion of mutation]
   238 | D        | Lost mutation: You are robust. (+10% HP) [potion of mutation]
   238 | D        | Gained mutation: Your mind is acute. (Int +2) [potion of mutation]
   238 | D        | Gained mutation: You are clumsy. (Dex -2) [potion of mutation]
   238 | D        | Gained mutation: You are resistant to electric shocks. (rElec) [potion of mutation]
   239 | D        | Lost mutation: You are clumsy. (Dex -2) [potion of mutation]
   239 | D        | Lost mutation: Your mind is acute. (Int +2) [potion of mutation]
   239 | D        | Gained mutation: You do not regenerate when monsters are visible. [potion of mutation]
   239 | D        | Gained mutation: Your movements are slightly less encumbered by armour. (ER -2) [potion of mutation]
   239 | D        | Gained mutation: You have supernaturally acute eyesight. (SInv) [potion of mutation]
   239 | D        | Lost mutation: You do not regenerate when monsters are visible. [potion of mutation]
   241 | D        | Noticed a water elemental
   246 | D        | Killed a water elemental
   246 | D        | Reached skill level 8 in Fighting
   246 | D        | Reached XP level 4. HP: 49/49 MP: 3/3
   274 | D        | Found a radiant altar of Vehumet.
   274 | D        | Found a deep blue altar of Sif Muna.
   274 | D        | Found an ancient bone altar of Kikubaaqudgha.
   274 | D        | Noticed a wizard
   278 | D        | Killed a wizard
   278 | D        | Reached *** piety under Trog
   278 | D        | Reached skill level 1 in Staves
   278 | D        | Reached XP level 5. HP: 56/56 MP: 4/4
   279 | D        | Noticed an ice devil
   280 | D        | Reached skill level 9 in Fighting
   346 | D        | Killed a yaktaur
   398 | D        | Found a glowing silver altar of Zin.
   398 | D        | Found a glowing golden altar of the Shining One.
   398 | D        | Found a white marble altar of Elyvilon.
   399 | D        | Noticed a deep elf mage
   408 | D        | Killed a deep elf mage
   408 | D        | Reached **** piety under Trog
   408 | D        | Reached skill level 12 in Fighting
   408 | D        | Reached skill level 5 in Staves
   408 | D        | Reached skill level 5 in Dodging
   408 | D        | Reached XP level 6. HP: 66/70 MP: 5/5
   408 | D        | Reached XP level 7. HP: 72/77 MP: 6/6
   420 | D        | Found a hide-covered altar of Uskayaw.
   420 | D        | Found a roughly hewn altar of Beogh.
   420 | D        | Found an iron altar of Okawaru.
   420 | D        | Found a bloodstained altar of Trog.
   420 | D        | Found an ornate altar of the Wu Jian Council.
   420 | D        | Noticed a human
   422 | D        | Noticed a human
   423 | D        | Killed a human
   426 | D        | Killed a human
   469 | D        | Found a basalt altar of Yredelemnul.
   469 | D        | Found a shadowy altar of Dithmenos.
   469 | D        | Found a sacrificial altar of Ru.
   472 | D        | Reached skill level 13 in Fighting
   513 | D        | Noticed a shadow
   514 | D        | Reached ***** piety under Trog
   518 | D        | Killed a shadow
   518 | D        | Reached XP level 8. HP: 71/86 MP: 7/7
   518 | D        | Killed a yaktaur
   528 | D        | Found a blossoming altar of Fedhas.
   528 | D        | Found a stormy altar of Qazlal.
   528 | D        | Found a snail-covered altar of Cheibriados.
   528 | D        | Found a burning altar of Makhleb.
   528 | D        | Found a shimmering altar of Xom.
   529 | D        | Found a hazy altar of Hepliaklqana.
   529 | D        | Found an opulent altar of Gozag.
   529 | D        | Found a sparkling altar of Nemelex Xobeh.
   529 | D        | Found a corrupted altar of Lugonu.
   529 | D        | Found a viscous altar of Jiyva.
   674 | D        | Received a gift from Trog
   674 | D        | Reached skill level 14 in Fighting
   731 | D        | Noticed an orc high priest
   732 | D        | Noticed an orc high priest
   738 | D        | Killed an orc high priest
   738 | D        | Reached XP level 9. HP: 96/96 MP: 8/8
   738 | D        | Reached skill level 15 in Fighting
   746 | D        | Killed an orc high priest
   746 | D        | Reached skill level 15 in Maces & Flails
   746 | D        | Reached skill level 5 in Armour
   754 | D        | Received a gift from Trog
   758 | D        | Found Lunedikec's Antique Weapon Boutique.
   763 | D        | Noticed an orc sorcerer
   775 | D        | Reached ****** piety under Trog
   775 | D        | Reached skill level 16 in Fighting
   786 | D        | Killed an orc sorcerer
   786 | D        | Received a gift from Trog
   894 | D        | Noticed a deep elf mage
   894 | D        | Noticed a deep elf mage
   894 | D        | Noticed a deep elf knight
   894 | D        | Noticed a deep elf knight
   894 | D        | Noticed a deep elf mage
   904 | D        | Killed a deep elf knight
   908 | D        | Killed a deep elf knight
   908 | D        | Reached skill level 10 in Staves
   908 | D        | Reached XP level 10. HP: 110/110 MP: 9/9
   912 | D        | Killed a deep elf mage
   912 | D        | Reached skill level 17 in Fighting
   919 | D        | Killed a deep elf mage
   920 | D        | Killed a deep elf mage
   920 | D        | Received a gift from Trog
   956 | D        | Noticed a deep elf demonologist
   984 | D        | Noticed a deep elf high priest
  1045 | D        | Noticed Erolcha
  1055 | D        | Killed Erolcha
  1055 | D        | Received a gift from Trog
  1055 | D        | Reached skill level 18 in Fighting
  1119 | D        | Received a gift from Trog
  1130 | D        | Received a gift from Trog
  1130 | D        | Reached XP level 11. HP: 117/119 MP: 10/10
  1141 | D        | Received a gift from Trog
  1161 | D        | Received a gift from Trog
  1633 | D        | Received a gift from Trog
  1633 | D        | Reached skill level 10 in Armour
  1640 | D        | Reached skill level 19 in Fighting
  1790 | D        | Noticed a dire elephant
  1797 | D        | Noticed a dire elephant
  1800 | D        | Killed a dire elephant
  1803 | D        | Killed a dire elephant
  1805 | D        | Noticed Gastronok
  1812 | D        | Killed Gastronok
  1812 | D        | Received a gift from Trog
  1866 | D        | Noticed an azure jelly
  1866 | D        | Noticed an azure jelly
  1866 | D        | Noticed an azure jelly
  1866 | D        | Noticed an azure jelly
  1873 | D        | Killed an azure jelly
  1876 | D        | Killed an azure jelly
  1876 | D        | Reached skill level 20 in Fighting
  1880 | D        | Killed an azure jelly
  1880 | D        | Reached XP level 12. HP: 57/134 MP: 11/11
  1883 | D        | Killed an azure jelly
  2140 | D        | Noticed a death yak
  2140 | D        | Noticed a death yak
  2141 | D        | Noticed a death yak
  2144 | D        | Noticed a death yak
  2151 | D        | Killed a death yak
  2151 | D        | Received a gift from Trog
  2155 | D        | Killed a death yak
  2157 | D        | Killed a death yak
  2160 | D        | Killed a death yak
  2163 | D        | Reached skill level 21 in Fighting
  2202 | D        | Noticed Rupert
  2216 | D        | Killed Rupert
  2216 | D        | Reached skill level 15 in Armour
  2390 | D        | Noticed an acid blob
  2400 | D        | Killed an acid blob
  2400 | D        | Received a gift from Trog
  2640 | D        | Found a viscous altar of Jiyva.
  2640 | D        | Noticed the Royal Jelly
  2644 | D        | Splashed with acid

Vault maps used:
D:        dungeon_sprint_mu

Skill      XL: |  1  2  3  4  5  6  7  8  9 10 11 12 |
---------------+-------------------------------------+-----
Fighting       | 5 6 8 12 13 14 16 18 20 21 | 21.6
Maces & Flails | 5 6 8 11 13 14 16 17 18 19 | 19.8
Dodging        | 3 5 6 7 8 9 |  9.2
Staves         | 1 5 7 8 10 12 14 | 14.8
Armour         | 4 7 8 12 15 | 15.4

Action                   |  1- 3 |  4- 6 |  7- 9 | 10-12 || total
-------------------------+-------+-------+-------+-------++-------
Melee: Mace              |    17 |       |       |       ||    17
       Headbutt          |     2 |     1 |    10 |    27 ||    40
       Quarterstaff      |     4 |    12 |    30 |       ||    46
       Dire flail        |       |       |    34 |   115 ||   149
Throw: Tomahawk          |       |       |       |     3 ||     3
Invok: Trog's Hand       |     3 |     1 |     6 |     6 ||    16
       Berserk           |     2 |       |     4 |     5 ||    11
       Brothers in Arms  |       |       |     1 |     9 ||    10
Evoke: Wand              |       |       |       |     1 ||     1
  Use: Potion            |     5 |       |       |     4 ||     9
       Scroll            |       |       |       |     3 ||     3
 Stab: Held in net/web   |       |       |       |     1 ||     1
  Eat: Fruit             |       |     4 |       |       ||     4
       Chunk             |       |       |     4 |     6 ||    10
       Bread ration      |       |       |       |     2 ||     2
       Royal jelly       |       |       |       |     2 ||     2
Armor: Animal skin       |     1 |     3 |       |       ||     4
       Ring mail         |       |       |     5 |       ||     5
       Plate armour      |       |       |     2 |    25 ||    27
Dodge: Dodged            |     6 |     4 |    17 |    39 ||    66
